 Dungeon Crawl Stone Soup version 0.31-a0-981-geadf994542 (webtiles) character file.

Game seed: 16067460698662154020

93 Lusmu the Shooter (level 4, -7/24 (25) HPs)
             Began as a Kobold Hexslinger on Oct 31, 2023.
             Killed by divine providence
             ... invoked by an orc priest
              (10 damage)
             ... on level 3 of the Dungeon.
             The game lasted 00:18:27 (2888 turns).

Lusmu the Shooter (Kobold Hexslinger)               Turns: 2888, Time: 00:18:28

HP:   -7/24 (25)    AC:  2    Str:  7    XL:     4   Next: 91%
MP:   7/7           EV: 15    Int: 14    God:
Gold: 179           SH:  0    Dex: 17    Spells: 6/7 levels left

rFire   . . .        a - +1 sling
rCold   . . .        (no shield)
rNeg    . . .        c - +0 robe
rPois   .            (no helmet)
rElec   .            (no cloak)
rCorr   .            (no gloves)
SInv    .            (no boots)
Will    .....        (no amulet)
Stlth   +++          (no ring)
HPRegen 0.24/turn    (no ring)
MPRegen 0.10/turn

%: no passive effects
@: lightly drained
A: small, no large weapons, nightstalker 3
a: no special abilities


You were on level 3 of the Dungeon.
You visited 1 branch of the dungeon, and saw 3 of its levels.

You collected 179 gold pieces.

Inventory:

Hand Weapons
 a - a +1 sling (weapon)
 w - a +1 short sword of draining
Missiles
 p - a curare-tipped dart
 t - 5 poisoned darts
Armour
 c - a +0 robe (worn)
 r - an orb of energy
Magical Staves
 q - a staff of death
Talismans
 g - a beast talisman
Wands
 u - a wand of flame (12)
 v - a wand of paralysis (6)
Scrolls
 b - a scroll of poison
 d - a scroll of immolation {unknown}
 f - 2 scrolls of teleportation {unknown}
 h - 3 scrolls of identify {unknown}
 k - a scroll of enchant weapon {unknown}
 m - a scroll of amnesia {unknown}
 n - a scroll of silence {unknown}
 o - a scroll of fear {unknown}
 x - a scroll of vulnerability {unknown}
Potions
 e - 5 potions of curing {unknown}
 i - a potion of attraction {unknown}
 j - 2 potions of lignification {unknown}
 l - 2 potions of enlightenment {unknown}
 s - a potion of cancellation {unknown}


   Skills:
 - Level 1.1 Fighting
 + Level 3.8 Ranged Weapons
 + Level 1.0 Throwing
 - Level 2.4 Dodging
 + Level 2.7 Stealth
 - Level 2.0 Spellcasting
 + Level 3.6 Hexes
 - Level 1.0 Fire Magic


You had 6 spell levels left.
You knew the following spells:

 Your Spells              Type           Power      Damage    Failure   Level
a - Slow                  Hex            44%        N/A       5%          1

Your spell library contained the following spells:

 Spells                   Type           Power      Damage    Failure   Level
 Jinxbite                 Hex            22%        N/A       9%          2
 Confusing Touch          Hex            11%        N/A       16%         3
 Sigil of Binding         Hex            11%        N/A       16%         3
 Inner Flame              Hex/Fire       7%         N/A       28%         3
 Cause Fear               Hex            5%         N/A       47%         4
 Vampiric Draining        Necr           1%         2d6       56%         3
 Dimensional Bullseye     Hex/Tloc       3%         N/A       75%         4


Dungeon Overview and Level Annotations

Branches:
Dungeon (3/15)

Altars:
Qazlal


Innate Abilities, Weirdness & Mutations

You are small and have problems with some larger weapons.
You are completely attuned to the shadows.


Message History

You shoot a sling bullet. The sling bullet hits the worm!
You kill the worm!
Fire: a) +1 sling
Press: ? - help, Q - select action, (/) - cycle Shift-Dir - straight line, f - kobold
Aim: a kobold, wielding a +0 short sword (asleep, 98% to hit)
You shoot a sling bullet. The sling bullet hits the kobold.
You kill the kobold!
t - 4 poisoned darts (gained 2)
t - 5 poisoned darts (gained 1)
Found a stormy altar of Qazlal.
You see here a +0 short sword.
There is a stone staircase leading down here.
The orc priest shouts!
The orc priest calls down the wrath of Beogh upon you.
Beogh smites you!
Throw: 2 darts (curare)
Press: ? - help, Q - select action, (/) - cycle Shift-Dir - straight line, f - orc priest
Aim: an orc priest, wielding a +0 dagger (56% to hit)
You throw a curare-tipped dart.
The curare-tipped dart hits the orc priest.
The orc priest is poisoned.
The orc priest convulses.
The orc priest seems to slow down.
The orc priest is heavily wounded.
The orc priest invokes the aid of Beogh against you.
Pain shoots through your body!
Ouch! That really hurt!
* * * LOW HITPOINT WARNING * * *
Fire: a) +1 sling
Press: ? - help, Q - select action, (/) - cycle Shift-Dir - straight line, f/p - orc priest
Aim: an orc priest, wielding a +0 dagger (severely wounded, very poisoned, slow, 59% to hit)
You shoot a sling bullet.
The sling bullet closely misses the orc priest.
Fire: a) +1 sling
Press: ? - help, Q - select action, (/) - cycle Shift-Dir - straight line, f/p - orc priest
Aim: an orc priest, wielding a +0 dagger (severely wounded, very poisoned, slow, 59% to hit)
You shoot a sling bullet.
The sling bullet barely misses the orc priest.
The orc priest calls down the wrath of Beogh upon you.
Beogh smites you!
You die...

..###.####################.#
........# #.# ....###.# #.#
#..# #.############### #.#
###..###.#............># #.#
.........#.###########.# #.#
##.).##...# ###.### #.#
##..###..####### #.....# #.#
#........(o..@.###.###.####.#
##...###..#####.....#
#......# .....# #..#
#####.###.###### ###..# #..#
#.....# #..# #..# ###.###
#..# #..###########.# ###
.###..###.............%# #..
..........############### #.#
####.....## #......<[o..# #o#


You could see an orc priest (very poisoned, slow).

Vanquished Creatures
  Jessica (D:3)
  2 adders (D:2)
  A worm (D:3)
  4 orcs
  4 ball pythons
  A bat (D:3)
  4 endoplasms
  2 giant cockroaches (D:2)
  2 goblins
  5 hobgoblins
  A quokka (D:2)
  3 frilled lizards
  7 kobolds
  2 rats
39 creatures vanquished.

Notes
Turn   | Place    | Note
-------+----------+-------------------------------------------
     0 | D:1      | Lusmu the Kobold Hexslinger began the quest for the Orb.
     0 | D:1      | Reached XP level 1. HP: 12/12 MP: 2/2
   492 | D:1      | You fall into a shaft and drop 1 floor!
   573 | D:2      | Reached XP level 2. HP: 11/16 MP: 3/3
   781 | D:1      | Reached skill level 1 in Stealth
   800 | D:1      | Learned a level 1 spell: Slow
  1406 | D:2      | Reached XP level 3. HP: 20/20 MP: 5/5
  2083 | D:3      | Reached XP level 4. HP: 25/25 MP: 5/7
  2191 | D:3      | Noticed Jessica
  2192 | D:3      | Killed Jessica
  2597 | D:3      | Reached skill level 1 in Throwing
  2806 | D:3      | Found a stormy altar of Qazlal.
  2888 | D:3      | Killed from afar by an orc priest

Illustrated notes

Levels and vault maps discovered:
D:1:      dpeg_arrival_rhombi, layout_loops_corners, kennysheep_crisscross,
          minivault_23
D:2:      layout_loops_cross, hangedman_decor_clover_reticule
D:3:      layout_loops_ring, marbit_many_paths, uniq_jessica

Skill      XL: |  1  2  3  4 |
---------------+-------------+-----
Ranged Weapons | 3 |  3.8
Stealth        | 1 2 |  2.7
Spellcasting   | 2 |  2.0
Throwing       | 1 |  1.0
Fighting       | |  1.1
Dodging        | |  2.4
Hexes          | |  3.6
Fire Magic     | |  1.0

Action                     |  1- 3 |  4- 6 || total
---------------------------+-------+-------++-------
   Fire: Sling             |    77 |    49 ||   126
  Throw: Dart              |       |     8 ||     8
   Cast: Slow              |     5 |     8 ||    13
  Evoke: Wand              |       |     1 ||     1
 Armour: Robe              |    13 |    11 ||    24
  Dodge: Dodged            |    35 |    41 ||    76

Table legend: (Time is in decaauts)
 A = Elapsed time spent in this place.
 B = Non-inter-level travel time spent in this place.
 C = Inter-level travel time spent in this place.
 D = Time resting spent in this place.
 E = Time spent auto-exploring this place.
 F = Levels seen in this place.
 G = Mean time per level.
                   A        B        C        D        E       F      G
               +--------+--------+--------+--------+--------+-----+--------+
         Total |   2919 |   2860 |     59 |    175 |   1846 |   3 |  973.0 |
       Dungeon |   2919 |   2860 |     59 |    175 |   1846 |   3 |  973.0 |
               +--------+--------+--------+--------+--------+-----+--------+

Top non-repeatable levels by time:
     D:1: 1148 daAuts
     D:2: 977 daAuts
     D:3: 793 daAuts
